 Dungeon Crawl Stone Soup version 0.30-a0-845-g7c6808c8ce (webtiles) character file.

Game seed: 4552802528381103071

265 bande the Covered (level 6, -4/37 HPs)
             Began as a Gargoyle Fighter on Mar 2, 2023.
             Slain by a gnoll
             ... wielding a +0 flail
              (9 damage)
             ... on level 3 of the Dungeon.
             The game lasted 00:06:01 (2396 turns).

bande the Covered (Gargoyle Fighter)                Turns: 2396, Time: 00:06:01

Health: -4/37      AC: 15    Str: 19    XL:     6   Next: 20%
Magic:  6/6        EV:  9    Int: 12    God:
Gold:   183        SH:  5    Dex: 11    Spells: 5/5 levels left

rFire   . . .      SeeInvis .    a - +0 trident
rCold   . . .      Faith    .    c - +0 buckler
rNeg    + + .      Spirit   .    b - +0 scale mail
rPois   ∞          Reflect  .    n - +2 helmet {Int+3}
rElec   +          Rampage  .    p - scarf {+Inv}
rCorr   .                        (no gloves)
Will    .....                    (no boots) Stlth
                                 (no amulet)
HPRegen 0.26/turn                i - ring of positive energy
MPRegen 0.10/turn                (no ring)

@: no status effects
A: sickness immunity, AC +4, negative energy resistance 1, electricity
resistance, torment resistance 1, petrification resistance
a: Evoke Invisibility


You were on level 3 of the Dungeon.
You visited 1 branch of the dungeon, and saw 3 of its levels.

You collected 183 gold pieces.

Inventory:

Hand Weapons
 a - a +0 trident (weapon)
 g - a +0 flail
Armour
 b - a +0 scale mail (worn)
 c - a +0 buckler (worn)
 n - a +2 helmet of intelligence (worn)
 p - a scarf of invisibility (worn)
Jewellery
 i - a ring of positive energy (left hand)
Scrolls
 h - a scroll of identify
Potions
 d - 3 potions of might
 e - a potion of cancellation {unknown}
 f - a potion of lignification {unknown}
 j - a potion of ambrosia
 k - a potion of berserk rage
 q - 2 potions of curing
 r - a potion of haste


   Skills:
 - Level 3.6 Fighting
 - Level 2.1(2.7) Polearms
 * Level 2.8(3.2) Staves
 + Level 5.1 Armour
 + Level 4.5 Shields
 * Level 0.3 Evocations


You had 5 spell levels left.
You didn't know any spells.
Your spell library contained the following spells:

 Spells                   Type           Power      Damage    Failure   Level
 Ignite Poison            Fire/Tmut/Pois 0%         N/A       98%         3
 Sticky Flame             Conj/Fire      0%         2d3       100%        4
 Summon Forest            Summ/Tloc      0%         N/A       100%        5
 Eringya's Noxious Bog    Tmut/Pois      0%         N/A       100%        6
 Summon Hydra             Summ           0%         N/A       100%        7
 Ignition                 Fire           0%         3d3       100%        8


Dungeon Overview and Level Annotations

Branches:
Dungeon (3/15)

Altars:
Wu Jian

Shops:
D:1 =


Innate Abilities, Weirdness & Mutations

You are immune to sickness and miasma.
Your stone body is resilient. (AC +4)
You are immune to poison.
You resist negative energy. (rN+)
You are resistant to electric shocks. (rElec)
You are resistant to unholy torment.
You are immune to petrification.


Message History

The gnoll hits you but does no damage. x2
You barely miss the gnoll.
The gnoll is almost dead.
The gnoll hits you with a +0 whip. The gnoll barely misses you.
You closely miss the gnoll.
The gnoll is almost dead.
The gnoll completely misses you. The gnoll hits you but does no damage.
You closely miss the gnoll.
The gnoll is almost dead.
The gnoll hits you but does no damage. The gnoll completely misses you.
The gnoll hits you but does no damage. You block the gnoll's attack.
You puncture the gnoll!
You kill the gnoll!
The gnoll hits you with a +0 whip.
You puncture the gnoll!
The gnoll is severely wounded.
You block the gnoll's attack. The gnoll hits you but does no damage.
You closely miss the gnoll.
The gnoll is severely wounded.
The gnoll hits you but does no damage. The gnoll barely misses you.
You barely miss the gnoll.
The gnoll is severely wounded.
The gnoll hits you with a +0 whip. The gnoll hits you with a +0 flail.
You are too injured to fight recklessly!
You hit the gnoll.
The gnoll is moderately wounded.
You block the gnoll's attack. The gnoll hits you with a +0 flail.
* * * LOW HITPOINT WARNING * * *
The gnoll barely misses you. The gnoll hits you but does no damage.
You hit the gnoll but do no damage.
The gnoll is moderately wounded.
The gnoll hits you but does no damage. The gnoll barely misses you.
You hit the gnoll.
The gnoll is heavily wounded.
You block the gnoll's attack. The gnoll hits you with a +0 flail!
* * * LOW HITPOINT WARNING * * *
You barely miss the gnoll.
The gnoll is heavily wounded.
You block the gnoll's attack. The gnoll hits you with a +0 flail!
You die...

#.≈≈.≈≈...# #.#... ####.≈≈.≈≈...#
#.##.. #....≈≈.≈≈...## #.#...
######### #....≈...≈....# #.#.#.
........# #....≈.8.≈....####.#.##
.))?....###..........+#..........
..†.......<..................#...
.........##....g#.#.#.########...
.#######.#.....g@.#.#.# #... .#
*,##.#####.#.#.# #... .##
*,*,,,,,,..#.#.# #... ..#
*,*,,**,,..#.#.# #... .##
*,*,,,,,...#.#.# #...
##******,**,,,,.....#.# ##..
,,,,,,,,,,,,,,.....,#.# #..
********,*****,,,.#,*+**** #####
,,,,,,,,,,,,,+,,,,,,,,,,,* #....


You could see 2 gnolls.

Vanquished Creatures
  An ogre (D:3)
  Natasha (D:2)
  Robin (D:2)
  6 gnolls
  3 adders (D:2)
  A dart slug (D:1)
  3 bats
  3 endoplasms
  3 giant cockroaches (D:1)
  11 goblins
  11 hobgoblins
  6 jackals (D:3)
  A quokka (D:2)
  7 ball pythons
  4 frilled lizards
  4 kobolds
  2 rats
68 creatures vanquished.

Notes
Turn   | Place    | Note
-------+----------+-------------------------------------------
     0 | D:1      | bande the Gargoyle Fighter began the quest for the Orb.
     0 | D:1      | Reached XP level 1. HP: 14/14 MP: 1/1
    63 | D:1      | Found Todghib Ofibu's Jewellery Emporium.
   103 | D:1      | Reached XP level 2. HP: 16/19 MP: 2/2
   175 | D:1      | Reached XP level 3. HP: 23/23 MP: 3/3
   905 | D:2      | Noticed Robin
   911 | D:2      | Reached skill level 1 in Staves
   919 | D:2      | Killed Robin
   920 | D:2      | Reached XP level 4. HP: 9/28 MP: 4/4
   926 | D:2      | Reached skill level 4 in Armour
  1380 | D:2      | Upgraded the game from 0.30-a0-840-ga523dec638 to
                  | 0.30-a0-845-g7c6808c8ce
  1380 | D:2      | Noticed Natasha
  1382 | D:2      | Killed Natasha
  1887 | D:3      | Reached XP level 5. HP: 23/32 MP: 5/5
  2057 | D:3      | Noticed an ogre
  2065 | D:3      | Killed an ogre
  2066 | D:3      | Reached skill level 5 in Armour
  2066 | D:3      | Reached XP level 6. HP: 25/37 MP: 6/6
  2272 | D:3      | Found a faded altar of an unknown god.
  2355 | D:3      | Found an ornate altar of the Wu Jian Council.
  2396 | D:3      | Slain by a gnoll

Illustrated notes

Levels and vault maps discovered:
D:1:      matt_arrival_refuge, layout_basic, serial_shops, shop, hex_medium
D:2:      layout_loops_corners, kennysheep_nub, kennysheep_pointless_box,
          dk_vineyard_1, chequers_hall_statues_y, st_stairs_5, uniq_robin,
          uniq_natasha
D:3:      layout_basic, mainiacjoe_overflow_catwalk,
          dreamdust_ecumenical_altar_angels_and_demons,
          hangedman_abyss_or_decor_lesser_grid

Skill      XL: |  1  2  3  4  5 |
---------------+----------------+-----
Polearms       | 2 |  2.1
Staves         | 1 2 |  2.8
Armour         | 4 5 |  5.1
Shields        | 4 |  4.5
Fighting       | |  3.6
Evocations     | |  0.3

Action                     |  1- 3 |  4- 6 || total
---------------------------+-------+-------++-------
  Melee: Trident           |    84 |   156 ||   240
    Use: Scroll            |       |    10 ||    10
 Armour: Scale mail        |    58 |   100 ||   158
  Dodge: Dodged            |    35 |    91 ||   126
  Block: Buckler           |    17 |    37 ||    54

Table legend: (Time is in decaauts)
 A = Elapsed time spent in this place.
 B = Non-inter-level travel time spent in this place.
 C = Inter-level travel time spent in this place.
 D = Time resting spent in this place.
 E = Time spent auto-exploring this place.
 F = Levels seen in this place.
 G = Mean time per level.
                   A        B        C        D        E       F      G
               +--------+--------+--------+--------+--------+-----+--------+
         Total |   2451 |   2362 |     89 |    248 |   1595 |   3 |  817.0 |
       Dungeon |   2451 |   2362 |     89 |    248 |   1595 |   3 |  817.0 |
               +--------+--------+--------+--------+--------+-----+--------+

Top non-repeatable levels by time:
     D:2: 1236 daAuts
     D:1: 654 daAuts
     D:3: 560 daAuts
